2465 views
Uploaded 2021-10-25 11:37:46
Game version 1.32.10
28:08 long 3on3 ladder game on (6)StranglethornVale
Saved by xzz
2465 views
Uploaded 2021-10-25 11:37:46
Game version 1.32.10
28:08 long 3on3 ladder game on (6)StranglethornVale


117 units @ 15.8k
/ 2.1k
64 buildings @ 11k
/ 4k


| Scroll of Regeneration | 2 | 200 |
| Potion of Healing | 1 | 150 |
| Scroll of Town Portal | 5 | 1750 |
| Potion of Lesser Invulnerability | 1 | 150 |
| total: | 9 | 2250g |
| Peasant | 23 | 1725 | / | 0 |
| Footman | 2 | 270 | / | 0 |
| Rifleman | 1 | 205 | / | 30 |
| Knight | 7 | 1715 | / | 420 |
| Priest | 2 | 270 | / | 20 |
| Sorceress | 2 | 310 | / | 40 |
| Spell Breaker | 1 | 215 | / | 30 |
| total: | 38 | 4710g | / | 540w |
| Scout Tower | 1 | 30 | / | 20 |
| Guard Tower | 1 | 70 | / | 50 |
| Altar of Kings | 1 | 180 | / | 50 |
| Farm | 10 | 800 | / | 200 |
| Barracks | 3 | 480 | / | 180 |
| Town Hall | 5 | 1925 | / | 1025 |
| Blacksmith | 1 | 140 | / | 60 |
| Lumber Mill | 1 | 120 | / | 0 |
| Arcane Vault | 1 | 130 | / | 30 |
| Arcane Sanctum | 2 | 300 | / | 280 |
| Keep | 1 | 320 | / | 210 |
| Castle | 1 | 360 | / | 210 |
| total: | 25 | 4105g | / | 1845w |
| 0:03 | Peasant |
| 0:03 | Peasant |
| 0:12 | Altar of Kings |
| 0:25 | Farm |
| 0:29 | Peasant |
| 0:37 | Barracks |
| 0:41 | Peasant |
| 0:49 | Peasant |
| 1:06 | Farm |
| 1:10 | Peasant |
| 1:24 | Peasant |
| 1:43 | Footman |
| 1:45 | Peasant |
| 1:49 | Peasant |
| 2:01 | Peasant |
| 2:13 | Summon Water Elemental |
| 2:22 | Peasant |
| 3:04 | Brilliance Aura |
| 3:05 | Peasant |
| 3:17 | Town Hall |
| 3:24 | Peasant |
| 3:42 | Peasant |
| 3:58 | Keep |
| 4:00 | Farm |
| 4:27 | Blacksmith |
| 4:50 | Farm |
| 4:51 | Farm |
| 4:52 | Farm |
| 5:13 | Footman |
| 5:17 | Lumber Mill |
| 5:42 | Peasant |
| 5:42 | Peasant |
| 5:43 | Peasant |
| 6:23 | Castle |
| 6:28 | Rifleman |
| 6:33 | Barracks |
| 6:40 | Peasant |
| 6:40 | Peasant |
| 6:43 | Scout Tower |
| 7:20 | Peasant |
| 7:24 | Storm Bolt |
| 7:32 | Farm |
| 7:35 | Farm |
| 7:35 | Farm |
| 7:35 | Farm |
| 8:47 | Knight |
| 8:56 | Arcane Sanctum |
| 9:00 | Arcane Sanctum |
| 9:02 | Animal War Training |
| 9:02 | Knight |
| 9:03 | Iron Forged Swords |
| 9:04 | Iron Plating |
| 9:12 | Arcane Vault |
| 9:19 | Peasant |
| 9:19 | Peasant |
| 9:32 | Knight |
| 9:47 | Barracks |
| 9:54 | Scroll of Regeneration |
| 10:01 | Scroll of Town Portal |
| 10:02 | Potion of Healing |
| 10:12 | Steel Forged Swords |
| 10:23 | Priest |
| 10:23 | Sorceress |
| 11:07 | Summon Water Elemental |
| 11:09 | Knight |
| 11:12 | Knight |
| 11:22 | Scroll of Town Portal |
| 11:59 | Guard Tower |
| 12:00 | Peasant |
| 12:56 | Scroll of Town Portal |
| 13:00 | Town Hall |
| 13:34 | Mithril Forged Swords |
| 13:41 | Bash |
| 13:47 | Potion of Lesser Invulnerability |
| 14:37 | Spell Breaker |
| 15:18 | Improved Masonry |
| 15:19 | Knight |
| 15:21 | Steel Plating |
| 16:09 | Scroll of Town Portal |
| 16:35 | Town Hall |
| 18:10 | Brilliance Aura |
| 18:11 | Storm Bolt |
| 18:18 | Mithril Plating |
| 18:20 | Knight |
| 18:56 | Priest |
| 19:00 | Bash |
| 19:29 | Town Hall |
| 19:40 | Summon Water Elemental |
| 20:21 | Scroll of Town Portal |
| 20:21 | Scroll of Regeneration |
| 20:53 | Storm Bolt |
| 21:37 | Town Hall |
| 23:28 | Sorceress |
| Select group | 1895 |
| Right click | 1839 |
| Select | 448 |
| Chat | 139 |
| Build/train/purchase | 91 |
| Assign group | 48 |
| Use ability | 30 |
| Misc. action | 22 |
| Minimap ping | 19 |
| Resource trade | 10 |
| Remove unit | 1 |


| Rod of Necromancy | 3 | 450 |
| Potion of Healing | 2 | 300 |
| Orb of Corruption | 1 | 375 |
| Potion of Mana | 1 | 200 |
| Scroll of Town Portal | 3 | 1050 |
| Scroll of Healing | 1 | 250 |
| Potion of Lesser Invulnerability | 2 | 300 |
| total: | 13 | 2925g |
| Acolyte | 13 | 975 | / | 0 |
| Ghoul | 9 | 1080 | / | 0 |
| Crypt Fiend | 12 | 2580 | / | 480 |
| Gargoyle | 3 | 525 | / | 90 |
| Obsidian Statue | 6 | 1200 | / | 210 |
| Abomination | 3 | 720 | / | 210 |
| Meat Wagon | 1 | 230 | / | 50 |
| Goblin Sapper | 3 | 645 | / | 300 |
| total: | 50 | 7955g | / | 1340w |
| Nerubian Tower | 7 | 700 | / | 140 |
| Spirit Tower | 2 | 290 | / | 80 |
| Altar of Darkness | 1 | 180 | / | 50 |
| Ziggurat | 13 | 1950 | / | 650 |
| Crypt | 1 | 200 | / | 50 |
| Tomb of Relics | 1 | 130 | / | 30 |
| Graveyard | 1 | 215 | / | 0 |
| Necropolis | 5 | 1125 | / | 0 |
| Slaughterhouse | 1 | 140 | / | 135 |
| Halls of the Dead | 2 | 640 | / | 420 |
| Black Citadel | 2 | 650 | / | 460 |
| Tree of Life | 1 | 340 | / | 185 |
| total: | 24 | 4280g | / | 1100w |
| 0:01 | Acolyte |
| 0:01 | Acolyte |
| 0:06 | Altar of Darkness |
| 0:07 | Ziggurat |
| 0:32 | Crypt |
| 0:53 | Tomb of Relics |
| 1:28 | Graveyard |
| 1:30 | Ziggurat |
| 1:33 | Ghoul |
| 1:38 | Ziggurat |
| 1:50 | Ghoul |
| 2:11 | Ghoul |
| 2:16 | Rod of Necromancy |
| 2:24 | Frost Nova |
| 2:34 | Ghoul |
| 2:55 | Crypt Fiend |
| 3:12 | Ziggurat |
| 3:26 | Crypt Fiend |
| 3:50 | Dark Ritual |
| 4:00 | Crypt Fiend |
| 4:25 | Halls of the Dead |
| 5:10 | Crypt Fiend |
| 5:11 | Nerubian Tower |
| 5:26 | Ziggurat |
| 5:48 | Crypt Fiend |
| 6:33 | Crypt Fiend |
| 6:59 | Slaughterhouse |
| 7:20 | Black Citadel |
| 8:00 | Rod of Necromancy |
| 8:00 | Potion of Healing |
| 8:02 | Death Coil |
| 8:57 | Crypt Fiend |
| 8:58 | Burrow |
| 8:58 | Gargoyle |
| 9:00 | Obsidian Statue |
| 9:29 | Obsidian Statue |
| 9:48 | Orb of Corruption |
| 9:49 | Potion of Mana |
| 9:52 | Destroyer Form |
| 9:52 | Ghoul Frenzy |
| 10:17 | Frost Nova |
| 10:18 | Unholy Aura |
| 10:23 | Obsidian Statue |
| 10:24 | Acolyte |
| 11:06 | Necropolis |
| 11:13 | Necropolis |
| 11:36 | Scroll of Town Portal |
| 11:36 | Potion of Lesser Invulnerability |
| 12:48 | Death Coil |
| 13:05 | Acolyte |
| 13:05 | Acolyte |
| 13:05 | Acolyte |
| 13:05 | Acolyte |
| 13:06 | Ziggurat |
| 13:08 | Ziggurat |
| 13:16 | Scroll of Town Portal |
| 13:24 | Tree of Life |
| 13:32 | Crypt Fiend |
| 13:58 | Obsidian Statue |
| 14:09 | Frost Armor |
| 14:38 | Abomination |
| 14:38 | Disease Cloud |
| 14:40 | Crypt Fiend |
| 14:51 | Spirit Tower |
| 14:54 | Nerubian Tower |
| 15:05 | Web |
| 15:28 | Ziggurat |
| 15:29 | Ziggurat |
| 15:30 | Ziggurat |
| 16:25 | Scroll of Town Portal |
| 16:32 | Nerubian Tower |
| 16:34 | Spirit Tower |
| 17:12 | Scroll of Healing |
| 17:12 | Potion of Lesser Invulnerability |
| 17:43 | Unholy Aura |
| 18:04 | Frost Nova |
| 18:14 | Crypt Fiend |
| 18:15 | Abomination |
| 19:11 | Crypt Fiend |
| 19:11 | Abomination |
| 19:41 | Death and Decay |
| 19:56 | Obsidian Statue |
| 19:57 | Crypt Fiend |
| 20:26 | Rod of Necromancy |
| 20:27 | Potion of Healing |
| 21:03 | Necropolis |
| 21:27 | Acolyte |
| 21:41 | Ziggurat |
| 21:42 | Gargoyle |
| 21:42 | Gargoyle |
| 22:01 | Goblin Sapper |
| 22:50 | Obsidian Statue |
| 23:07 | Death Coil |
| 23:57 | Dark Ritual |
| 24:12 | Ziggurat |
| 24:12 | Ziggurat |
| 24:37 | Ghoul |
| 24:38 | Ghoul |
| 24:41 | Ghoul |
| 25:01 | Ghoul |
| 25:02 | Ghoul |
| 25:21 | Acolyte |
| 25:36 | Acolyte |
| 25:39 | Nerubian Tower |
| 25:41 | Acolyte |
| 25:42 | Nerubian Tower |
| 25:53 | Acolyte |
| 26:04 | Meat Wagon |
| 26:25 | Acolyte |
| 27:14 | Necropolis |
| 27:16 | Necropolis |
| 27:30 | Goblin Sapper |
| 27:30 | Goblin Sapper |
| Select group | 1626 |
| Right click | 1622 |
| Select | 468 |
| Misc. action | 280 |
| Build/train/purchase | 158 |
| Chat | 95 |
| Use ability | 92 |
| Assign group | 40 |
| Resource trade | 12 |
| Esc | 9 |
| Minimap ping | 5 |
| Item give/drop | 3 |


| Wisp | 12 | 720 | / | 0 |
| Archer | 11 | 1430 | / | 110 |
| Hippogryph | 6 | 960 | / | 120 |
| total: | 29 | 3110g | / | 230w |
| Altar of Elders | 1 | 180 | / | 50 |
| Moon Well | 6 | 1080 | / | 240 |
| Ancient of War | 3 | 450 | / | 180 |
| Hunter's Hall | 1 | 210 | / | 100 |
| Ancient of Wonders | 1 | 90 | / | 30 |
| Tree of Life | 1 | 340 | / | 185 |
| Ancient of Wind | 2 | 300 | / | 280 |
| Tree of Ages | 1 | 320 | / | 180 |
| total: | 15 | 2650g | / | 1065w |
| 0:01 | Wisp |
| 0:01 | Wisp |
| 0:04 | Altar of Elders |
| 0:16 | Moon Well |
| 0:25 | Wisp |
| 0:31 | Ancient of War |
| 0:36 | Wisp |
| 0:50 | Wisp |
| 1:05 | Wisp |
| 1:18 | Wisp |
| 1:25 | Moon Well |
| 1:32 | Archer |
| 1:32 | Archer |
| 1:47 | Archer |
| 2:01 | Moon Well |
| 2:06 | Force of Nature |
| 2:17 | Archer |
| 2:19 | Wisp |
| 2:40 | Archer |
| 2:42 | Wisp |
| 3:03 | Archer |
| 3:24 | Entangling Roots |
| 3:32 | Tree of Ages |
| 4:38 | Hunter's Hall |
| 4:43 | Moon Well |
| 5:17 | Moon Well |
| 5:40 | Ultravision |
| 5:41 | Strength of the Moon |
| 5:42 | Ancient of War |
| 5:54 | Improved Bows |
| 5:57 | Ancient of Wind |
| 6:05 | Ancient of War |
| 6:07 | Ancient of Wind |
| 6:08 | Wisp |
| 6:33 | Archer |
| 6:59 | Searing Arrows |
| 7:04 | Hippogryph |
| 7:12 | Hippogryph |
| 7:13 | Archer |
| 7:20 | Ancient of Wonders |
| 7:28 | Hippogryph |
| 8:08 | Hippogryph |
| 8:39 | Archer |
| 8:52 | Hippogryph |
| 9:17 | Hippogryph |
| 9:21 | Archer |
| 9:32 | Archer |
| 9:58 | Wisp |
| 9:58 | Wisp |
| 10:00 | Moon Well |
| 11:26 | Tree of Life |
| 11:32 | Entangling Roots |
| 12:31 | Trueshot Aura |
| Right click | 387 |
| Select group | 231 |
| Select | 182 |
| Misc. action | 81 |
| Assign group | 63 |
| Build/train/purchase | 46 |
| Use ability | 18 |
| Resource trade | 4 |
| Esc | 2 |
| Minimap ping | 2 |
118 units @ 17.1k
/ 2.1k
79 buildings @ 8.9k
/ 3.7k

| Scroll of Speed | 3 | 150 |
| Lesser Clarity Potion | 1 | 70 |
| Healing Salve | 3 | 300 |
| Potion of Healing | 1 | 150 |
| Scroll of Regeneration | 1 | 100 |
| total: | 9 | 770g |
| Peon | 10 | 750 | / | 0 |
| Raider | 9 | 1620 | / | 360 |
| Troll Batrider | 4 | 640 | / | 160 |
| Wind Rider | 2 | 530 | / | 80 |
| Mur'gul Snarecaster | 1 | 215 | / | 20 |
| Footman | 3 | 405 | / | 0 |
| Sorceress | 1 | 155 | / | 20 |
| Priest | 1 | 135 | / | 10 |
| Peasant | 1 | 75 | / | 0 |
| Flying Machine | 1 | 100 | / | 30 |
| total: | 33 | 4625g | / | 680w |
| Watch Tower | 7 | 770 | / | 560 |
| Altar of Storms | 2 | 360 | / | 100 |
| Orc Burrow | 7 | 1120 | / | 280 |
| Voodoo Lounge | 2 | 260 | / | 60 |
| War Mill | 1 | 205 | / | 0 |
| Great Hall | 2 | 770 | / | 370 |
| Beastiary | 3 | 435 | / | 420 |
| Stronghold | 1 | 315 | / | 190 |
| Fortress | 1 | 325 | / | 190 |
| total: | 24 | 3920g | / | 1790w |
| 0:08 | Peon |
| 0:08 | Peon |
| 0:11 | Altar of Storms |
| 0:15 | Orc Burrow |
| 0:45 | Peon |
| 1:06 | Peon |
| 1:06 | Peon |
| 1:39 | Peon |
| 1:43 | Voodoo Lounge |
| 1:49 | Peon |
| 2:10 | Stronghold |
| 2:17 | War Mill |
| 2:28 | War Stomp |
| 2:37 | Orc Burrow |
| 4:06 | Watch Tower |
| 4:10 | Watch Tower |
| 4:40 | Endurance Aura |
| 4:47 | Beastiary |
| 4:50 | Beastiary |
| 4:54 | Orc Burrow |
| 4:55 | Peon |
| 4:56 | Peon |
| 4:56 | Pillage |
| 5:26 | Peon |
| 5:33 | Scroll of Regeneration |
| 6:00 | Raider |
| 6:00 | Raider |
| 6:51 | Raider |
| 6:55 | Orc Burrow |
| 6:57 | Steel Armor |
| 7:00 | Raider |
| 7:30 | Orc Burrow |
| 8:37 | Endurance Aura |
| 8:41 | Raider |
| 8:49 | Mur'gul Snarecaster |
| 9:16 | Raider |
| 9:21 | Steel Melee Weapons |
| 9:37 | Scroll of Speed |
| 9:39 | Lesser Clarity Potion |
| 10:01 | Orc Burrow |
| 10:53 | Raider |
| 10:59 | Healing Salve |
| 10:59 | Healing Salve |
| 11:30 | Raider |
| 11:52 | Potion of Healing |
| 11:53 | Scroll of Speed |
| 12:38 | Troll Batrider |
| 12:39 | Troll Batrider |
| 13:41 | Troll Batrider |
| 13:48 | Beastiary |
| 13:53 | Healing Salve |
| 13:58 | Ensnare |
| 14:01 | Scroll of Speed |
| 14:27 | Fortress |
| 15:18 | Troll Batrider |
| 15:32 | War Stomp |
| 17:05 | Watch Tower |
| 17:06 | Watch Tower |
| 17:06 | Watch Tower |
| 17:07 | Watch Tower |
| 17:27 | Orc Burrow |
| 17:53 | Great Hall |
| 18:24 | Endurance Aura |
| 19:37 | Altar of Storms |
| 19:39 | Watch Tower |
| 19:46 | Wind Rider |
| 19:54 | Wind Rider |
| 21:56 | Raider |
| 23:29 | Great Hall |
| 24:12 | Footman |
| 24:15 | Sorceress |
| 24:44 | Footman |
| 24:50 | Priest |
| 24:57 | Peasant |
| 24:59 | Flying Machine |
| 25:33 | Sorceress Adept Training |
| 26:38 | Footman |
| 27:45 | Voodoo Lounge |
| Right click | 921 |
| Select | 357 |
| Select group | 140 |
| Build/train/purchase | 88 |
| Chat | 84 |
| Use ability | 48 |
| Assign group | 23 |
| Misc. action | 8 |
| Esc | 4 |
| Resource trade | 4 |
| Minimap ping | 3 |
diibanp
(21:14) : 
| Scroll of Regeneration | 3 | 300 |
| Lesser Clarity Potion | 3 | 210 |
| Potion of Mana | 1 | 200 |
| Scroll of Town Portal | 5 | 1750 |
| total: | 12 | 2460g |
| Peasant | 17 | 1275 | / | 0 |
| Rifleman | 27 | 5535 | / | 810 |
| Mortar Team | 3 | 540 | / | 210 |
| total: | 47 | 7350g | / | 1020w |
| Scout Tower | 14 | 420 | / | 280 |
| Arcane Tower | 4 | 280 | / | 200 |
| Guard Tower | 7 | 490 | / | 350 |
| Altar of Kings | 1 | 180 | / | 50 |
| Blacksmith | 1 | 140 | / | 60 |
| Farm | 9 | 720 | / | 180 |
| Barracks | 1 | 160 | / | 60 |
| Arcane Vault | 1 | 130 | / | 30 |
| Lumber Mill | 1 | 120 | / | 0 |
| Town Hall | 1 | 385 | / | 205 |
| Cannon Tower | 1 | 120 | / | 100 |
| Workshop | 1 | 140 | / | 140 |
| Keep | 1 | 320 | / | 210 |
| total: | 30 | 2395g | / | 1005w |
| 0:03 | Peasant |
| 0:03 | Peasant |
| 0:13 | Altar of Kings |
| 0:16 | Blacksmith |
| 0:25 | Farm |
| 0:33 | Peasant |
| 0:37 | Farm |
| 0:54 | Peasant |
| 1:22 | Peasant |
| 1:38 | Peasant |
| 1:45 | Barracks |
| 1:54 | Peasant |
| 2:01 | Scout Tower |
| 2:15 | Farm |
| 2:27 | Rifleman |
| 2:49 | Arcane Tower |
| 2:55 | Rifleman |
| 3:04 | Farm |
| 3:09 | Bash |
| 3:19 | Arcane Vault |
| 3:31 | Rifleman |
| 3:36 | Black Gunpowder |
| 3:48 | Lumber Mill |
| 4:09 | Rifleman |
| 4:28 | Rifleman |
| 5:13 | Scout Tower |
| 5:15 | Scroll of Regeneration |
| 5:19 | Keep |
| 5:43 | Rifleman |
| 5:45 | Arcane Tower |
| 5:48 | Scout Tower |
| 6:12 | Rifleman |
| 6:16 | Storm Bolt |
| 6:29 | Guard Tower |
| 6:35 | Farm |
| 6:48 | Scroll of Regeneration |
| 7:04 | Town Hall |
| 7:21 | Rifleman |
| 7:30 | Farm |
| 7:47 | Long Rifles |
| 7:57 | Peasant |
| 7:58 | Peasant |
| 7:58 | Peasant |
| 9:00 | Rifleman |
| 9:00 | Rifleman |
| 9:05 | Farm |
| 9:24 | Refined Gunpowder |
| 9:42 | Peasant |
| 9:43 | Peasant |
| 9:50 | Scout Tower |
| 9:53 | Lesser Clarity Potion |
| 10:11 | Scroll of Town Portal |
| 10:23 | Rifleman |
| 10:37 | Rifleman |
| 10:41 | Scout Tower |
| 10:43 | Guard Tower |
| 11:07 | Storm Bolt |
| 11:14 | Scout Tower |
| 11:15 | Guard Tower |
| 11:18 | Improved Lumber Harvesting |
| 11:20 | Improved Masonry |
| 11:20 | Advanced Lumber Harvesting |
| 11:27 | Scroll of Town Portal |
| 11:59 | Guard Tower |
| 12:01 | Scout Tower |
| 12:59 | Rifleman |
| 12:59 | Rifleman |
| 13:08 | Peasant |
| 13:08 | Peasant |
| 13:29 | Rifleman |
| 13:29 | Rifleman |
| 13:44 | Peasant |
| 13:55 | Rifleman |
| 14:26 | Rifleman |
| 14:30 | Scout Tower |
| 14:37 | Scroll of Town Portal |
| 14:38 | Scroll of Regeneration |
| 14:38 | Lesser Clarity Potion |
| 14:41 | Potion of Mana |
| 14:45 | Rifleman |
| 14:48 | Peasant |
| 14:52 | Peasant |
| 15:14 | Workshop |
| 15:17 | Scout Tower |
| 15:19 | Scout Tower |
| 15:22 | Bash |
| 15:31 | Rifleman |
| 15:43 | Rifleman |
| 16:09 | Rifleman |
| 16:24 | Mortar Team |
| 16:30 | Farm |
| 16:35 | Scout Tower |
| 16:37 | Scout Tower |
| 16:39 | Arcane Tower |
| 16:42 | Guard Tower |
| 17:24 | Scroll of Town Portal |
| 17:36 | Arcane Tower |
| 17:38 | Guard Tower |
| 18:42 | Rifleman |
| 18:42 | Rifleman |
| 18:56 | Flare |
| 18:57 | Mortar Team |
| 19:24 | Scout Tower |
| 19:26 | Scout Tower |
| 19:30 | Farm |
| 19:36 | Rifleman |
| 19:52 | Mortar Team |
| 19:56 | Cannon Tower |
| 19:57 | Guard Tower |
| 20:05 | Rifleman |
| 20:07 | Scroll of Town Portal |
| 20:08 | Lesser Clarity Potion |
| 20:29 | Rifleman |
| Right click | 754 |
| Select | 349 |
| Build/train/purchase | 93 |
| Chat | 40 |
| Resource trade | 26 |
| Use ability | 17 |
| Minimap ping | 4 |
| Remove unit | 3 |


| Scroll of Regeneration | 2 | 200 |
| Potion of Healing | 2 | 300 |
| Scroll of Town Portal | 2 | 700 |
| total: | 6 | 1200g |
| Peasant | 12 | 900 | / | 0 |
| Footman | 13 | 1755 | / | 0 |
| Sorceress | 1 | 155 | / | 20 |
| Priest | 6 | 810 | / | 60 |
| Knight | 6 | 1470 | / | 360 |
| total: | 38 | 5090g | / | 440w |
| Scout Tower | 5 | 150 | / | 100 |
| Arcane Tower | 1 | 70 | / | 50 |
| Guard Tower | 1 | 70 | / | 50 |
| Altar of Kings | 2 | 360 | / | 100 |
| Farm | 12 | 960 | / | 240 |
| Barracks | 1 | 160 | / | 60 |
| Arcane Vault | 1 | 130 | / | 30 |
| Lumber Mill | 1 | 120 | / | 0 |
| Blacksmith | 1 | 140 | / | 60 |
| Town Hall | 1 | 385 | / | 205 |
| Arcane Sanctum | 1 | 150 | / | 140 |
| Keep | 1 | 320 | / | 210 |
| Castle | 1 | 360 | / | 210 |
| total: | 25 | 2555g | / | 935w |
| 0:04 | Peasant |
| 0:04 | Peasant |
| 0:04 | Peasant |
| 0:13 | Altar of Kings |
| 0:15 | Farm |
| 0:16 | Farm |
| 0:21 | Peasant |
| 0:48 | Barracks |
| 0:56 | Peasant |
| 1:01 | Farm |
| 1:06 | Peasant |
| 1:30 | Peasant |
| 1:30 | Peasant |
| 1:35 | Arcane Vault |
| 1:49 | Scout Tower |
| 1:52 | Footman |
| 2:07 | Footman |
| 2:24 | Farm |
| 2:29 | Summon Water Elemental |
| 2:39 | Footman |
| 2:47 | Arcane Tower |
| 2:49 | Defend |
| 3:14 | Farm |
| 3:17 | Peasant |
| 3:17 | Peasant |
| 3:23 | Lumber Mill |
| 3:34 | Footman |
| 3:49 | Blacksmith |
| 4:22 | Keep |
| 4:38 | Footman |
| 4:51 | Brilliance Aura |
| 5:02 | Footman |
| 5:03 | Footman |
| 5:07 | Iron Plating |
| 5:43 | Footman |
| 5:44 | Footman |
| 6:19 | Footman |
| 6:48 | Peasant |
| 6:49 | Peasant |
| 6:53 | Farm |
| 6:56 | Farm |
| 7:01 | Farm |
| 7:02 | Farm |
| 7:21 | Arcane Sanctum |
| 7:25 | Castle |
| 8:33 | Footman |
| 8:33 | Footman |
| 8:41 | Summon Water Elemental |
| 9:01 | Farm |
| 9:03 | Farm |
| 9:08 | Storm Bolt |
| 9:15 | Sorceress |
| 9:34 | Priest |
| 9:35 | Priest |
| 9:36 | Priest Adept Training |
| 9:59 | Knight |
| 10:22 | Knight |
| 10:51 | Knight |
| 10:51 | Animal War Training |
| 10:53 | Steel Plating |
| 11:39 | Priest Master Training |
| 11:51 | Farm |
| 12:01 | Scroll of Town Portal |
| 12:29 | Priest |
| 12:32 | Knight |
| 12:44 | Bash |
| 13:05 | Priest |
| 13:08 | Iron Forged Swords |
| 13:35 | Footman |
| 13:39 | Priest |
| 14:38 | Scroll of Town Portal |
| 14:39 | Scroll of Regeneration |
| 15:11 | Town Hall |
| 15:47 | Priest |
| 15:59 | Brilliance Aura |
| 16:36 | Scout Tower |
| 16:38 | Scout Tower |
| 16:39 | Scout Tower |
| 16:42 | Scout Tower |
| 17:04 | Potion of Healing |
| 17:05 | Scroll of Regeneration |
| 17:49 | Potion of Healing |
| 17:56 | Knight |
| 17:58 | Guard Tower |
| 18:01 | Altar of Kings |
| 18:50 | Knight |
| Right click | 437 |
| Select group | 349 |
| Select | 257 |
| Build/train/purchase | 102 |
| Chat | 65 |
| Assign group | 37 |
| Misc. action | 37 |
| Use ability | 10 |
| Resource trade | 10 |
| Minimap ping | 2 |
| Item give/drop | 1 |
| Remove unit | 1 |
⇛